PAAA
TORTOLITA DRUMMERS @ ROYSE CITY TARGARYENS
09/17/2022
 
TOP OF THE 1ST
Tortolita Drummers batting - Pitching for Royse City Targaryens : RHP Rodger de Meza
Pitching: RHP Rodger de Meza
Batting: SHB Will Brock 0-0: Ball
1-0: Ground out 4-3 (Groundball, 34D)
Batting: RHB Jorge Féliz 0-0: Called Strike
0-1: Ground out 6-3 (Groundball, 6)
Batting: LHB Jim Unknown 0-0: Ball
1-0: DOUBLE (Line Drive, 9LD)
Batting: RHB Ray Whittier 0-0: Ball
1-0: Foul Ball, location: 2F
1-1: Called Strike
1-2: Strikes out looking
Top of the 1st over - 0 run(s), 1 hit(s), 0 error(s), 1 left on base; Tortolita 0 - Royse City 0
BOTTOM OF THE 1ST
Royse City Targaryens batting - Pitching for Tortolita Drummers : RHP Michael Logan
Pitching: RHP Michael Logan
Batting: LHB Shang-de Zhang 0-0: Called Strike
0-1: SINGLE (Groundball, 34D)
Batting: LHB Fernando Ramírez 0-0: Foul Ball, location: 2F
0-1: Foul Ball, location: 2F
0-2: Ball
1-2: Foul Ball, location: 2F
1-2: Foul Ball, location: 2F
1-2: Strikes out swinging
Batting: RHB Sancho Balderas 0-0: Ball
1-0: Ball
2-0: Called Strike
2-1: Foul Ball, location: 2F
2-2: Strikes out looking
Batting: LHB Carlos Álvarez 0-0: Called Strike
0-1: SINGLE (Line Drive, 89S)
Shang-de Zhang to second
Runner from 2nd tries for 3rd, SAFE, no throw or cutoff
Batting: LHB José Tamayo 0-0: Called Strike
0-1: Ball
1-1: Fly out, F1 (Line Drive, 13S)
Bottom of the 1st over - 0 run(s), 2 hit(s), 0 error(s), 2 left on base; Tortolita 0 - Royse City 0
TOP OF THE 2ND
Tortolita Drummers batting - Pitching for Royse City Targaryens : RHP Rodger de Meza
Batting: SHB Dan Godwin 0-0: Ground out U3 (Groundball, 3S)
Batting: RHB Jim Harris 0-0: Ground out 6-3 (Groundball, 6)
Batting: RHB Ignacio Rodríguez 0-0: Called Strike
0-1: Ball
1-1: Ball
2-1: Called Strike
2-2: Strikes out swinging
Top of the 2nd over - 0 run(s), 0 hit(s), 0 error(s), 0 left on base; Tortolita 0 - Royse City 0
BOTTOM OF THE 2ND
Royse City Targaryens batting - Pitching for Tortolita Drummers : RHP Michael Logan
Batting: LHB Carl Duncan 0-0: Fly out, F7 (Popup, 5D)
Batting: LHB Jerry Wilson 0-0: Ball
1-0: Ground out 6-3 (Groundball, 6M)
Batting: LHB Eduardo Álvarez 0-0: Ball
1-0: Ground out 1-3 (Groundball, 23)
Bottom of the 2nd over - 0 run(s), 0 hit(s), 0 error(s), 0 left on base; Tortolita 0 - Royse City 0
TOP OF THE 3RD
Tortolita Drummers batting - Pitching for Royse City Targaryens : RHP Rodger de Meza
Batting: LHB Raúl Andrade 0-0: Fly out, F7 (Flyball, 7M)
Batting: SHB Roger Wheeler 0-0: Ball
1-0: Foul Ball, location: 2F
1-1: SINGLE (Line Drive, 89S)
Batting: SHB Will Brock 0-0: Ball
1-0: SINGLE (Groundball, 3S)
Roger Wheeler to second
Runner from 2nd tries for 3rd, SAFE, throw made to third
Batting: RHB Jorge Féliz 0-0: Called Strike
Will Brock steals 2nd base
0-1: Ball
1-1: Ball
2-1: Ball
3-1: Called Strike
3-2: Ground out 1-3 (Groundball, 15)
Batting: LHB Jim Unknown 0-0: Ball
1-0: Called Strike
1-1: Ground out 4-3 (Groundball, 34)
Top of the 3rd over - 0 run(s), 2 hit(s), 0 error(s), 2 left on base; Tortolita 0 - Royse City 0
BOTTOM OF THE 3RD
Royse City Targaryens batting - Pitching for Tortolita Drummers : RHP Michael Logan
Batting: RHB Héctor Ruíz 0-0: Swinging Strike
0-1: Ball
1-1: Ground out 1-3 (Groundball, 23)
Batting: LHB Shang-de Zhang 0-0: Ball
1-0: Ball
2-0: Ball
3-0: Base on Balls
Batting: LHB Fernando Ramírez 0-0: Ball
1-0: Ball
2-0: Called Strike
2-1: Grounds into double play, 4-6-3 (Groundball, 34)
Bottom of the 3rd over - 0 run(s), 0 hit(s), 0 error(s), 0 left on base; Tortolita 0 - Royse City 0
TOP OF THE 4TH
Tortolita Drummers batting - Pitching for Royse City Targaryens : RHP Rodger de Meza
Batting: RHB Ray Whittier 0-0: Ball
1-0: Ball
2-0: Foul Ball, location: 2F
2-1: Foul Ball, location: 2F
2-2: Fly out, F9 (Flyball, 9M)
Batting: SHB Dan Godwin 0-0: Ball
1-0: Foul Ball, location: 2F
1-1: Called Strike
1-2: Ball
2-2: Foul Ball, location: 2F
2-2: Fly out, F8 (Flyball, 8LM)
Batting: RHB Jim Harris 0-0: Ground out 5-3 (Groundball, 56S)
Top of the 4th over - 0 run(s), 0 hit(s), 0 error(s), 0 left on base; Tortolita 0 - Royse City 0
BOTTOM OF THE 4TH
Royse City Targaryens batting - Pitching for Tortolita Drummers : RHP Michael Logan
Batting: RHB Sancho Balderas 0-0: Ball
1-0: Ball
2-0: Ball
3-0: Called Strike
3-1: Fly out, F3 (Line Drive, 3)
Batting: LHB Carlos Álvarez 0-0: Ball
1-0: Ball
2-0: Ball
3-0: Called Strike
3-1: Base on Balls
Batting: LHB José Tamayo 0-0: SINGLE (Line Drive, 34)
Carlos Álvarez to second
Runner from 2nd tries for 3rd, SAFE, throw made to third
Batting: LHB Carl Duncan 0-0: Ball
José Tamayo steals 2nd base
1-0: Ball
2-0: Foul Ball, location: 2F
2-1: Foul Ball, location: 2F
2-2: Strikes out swinging
Batting: LHB Jerry Wilson 0-0: Called Strike
0-1: Ball
1-1: Fly out, F9 (Line Drive, 9D)
Bottom of the 4th over - 0 run(s), 1 hit(s), 0 error(s), 2 left on base; Tortolita 0 - Royse City 0
TOP OF THE 5TH
Tortolita Drummers batting - Pitching for Royse City Targaryens : RHP Rodger de Meza
Batting: RHB Ignacio Rodríguez 0-0: Ball
1-0: Ball
2-0: Fly out, F9 (Line Drive, 9D)
Batting: LHB Raúl Andrade 0-0: Fly out, F9 (Line Drive, 89M)
Batting: SHB Roger Wheeler 0-0: Fly out, F8 (Line Drive, 8LM)
Top of the 5th over - 0 run(s), 0 hit(s), 0 error(s), 0 left on base; Tortolita 0 - Royse City 0
BOTTOM OF THE 5TH
Royse City Targaryens batting - Pitching for Tortolita Drummers : RHP Michael Logan
Batting: LHB Eduardo Álvarez 0-0: Called Strike
0-1: Ball
1-1: Called Strike
1-2: Ball
2-2: Ball
3-2: Foul Ball, location: 2F
3-2: Strikes out swinging
Batting: RHB Héctor Ruíz 0-0: Ground out U3 (Groundball, 3)
Batting: LHB Shang-de Zhang 0-0: SINGLE (Groundball, 6MD)
Batting: LHB Fernando Ramírez 0-0: Swinging Strike
0-1: Foul Ball, location: 2F
0-2: Ball
1-2: Strikes out looking
Bottom of the 5th over - 0 run(s), 1 hit(s), 0 error(s), 1 left on base; Tortolita 0 - Royse City 0
TOP OF THE 6TH
Tortolita Drummers batting - Pitching for Royse City Targaryens : RHP Rodger de Meza
Batting: SHB Will Brock 0-0: Called Strike
0-1: Ball
1-1: Foul Ball, location: 2F
1-2: Ball
2-2: Ball
3-2: Foul Ball, location: 2F
3-2: Ground out 6-3 (Groundball, 6M)
Batting: RHB Jorge Féliz 0-0: Fly out, F8 (Flyball, 8RM)
Batting: LHB Jim Unknown 0-0: Ball
1-0: Ball
2-0: Called Strike
2-1: Swinging Strike
2-2: Foul Ball, location: 2F
2-2: Strikes out swinging
Top of the 6th over - 0 run(s), 0 hit(s), 0 error(s), 0 left on base; Tortolita 0 - Royse City 0
BOTTOM OF THE 6TH
Royse City Targaryens batting - Pitching for Tortolita Drummers : RHP Michael Logan
Batting: RHB Sancho Balderas 0-0: Ground out 6-3 (Groundball, 6)
Batting: LHB Carlos Álvarez 0-0: Ball
1-0: Called Strike
1-1: Ball
2-1: Swinging Strike
2-2: Strikes out looking
Batting: LHB José Tamayo 0-0: Ball
1-0: Foul Ball, location: 2F
1-1: Ball
2-1: Ground out U3 (Groundball, 3L)
Bottom of the 6th over - 0 run(s), 0 hit(s), 0 error(s), 0 left on base; Tortolita 0 - Royse City 0
TOP OF THE 7TH
Tortolita Drummers batting - Pitching for Royse City Targaryens : RHP Rodger de Meza
Pinch Hitting: LHB Gonzalo Féliz 0-0: Ground out 6-3 (Groundball, 6)
Batting: SHB Dan Godwin 0-0: Foul Ball, location: 2F
0-1: SINGLE (Groundball, 34D)
Pinch Hitting: RHB Lonnie Conrad 0-0: Ball
1-0: Foul Ball, location: 2F
1-1: Swinging Strike
1-2: SINGLE (Line Drive, 4MD)
Dan Godwin to second
Dan Godwin to third
Batting: RHB Ignacio Rodríguez 0-0: Ball
1-0: Foul Ball, location: 2F
1-1: Ball
2-1: Fly out, F4 (Popup, 4D)
Batting: LHB Raúl Andrade 0-0: Ball
1-0: Fly out, F8 (Flyball, 8RM)
Top of the 7th over - 0 run(s), 2 hit(s), 0 error(s), 2 left on base; Tortolita 0 - Royse City 0
BOTTOM OF THE 7TH
Royse City Targaryens batting - Pitching for Tortolita Drummers : RHP Michael Logan
Now at 1B: Lonnie Conrad
Now at SS: Gonzalo Féliz
Batting: LHB Carl Duncan 0-0: Swinging Strike
0-1: Ball
1-1: Swinging Strike
1-2: Ground out 4-3 (Groundball, 34)
Batting: LHB Jerry Wilson 0-0: Called Strike
0-1: Called Strike
0-2: Ball
1-2: Ball
2-2: Ball
3-2: SINGLE (Groundball, 6MD)
Pitching: LHP Steven Hodnett
Pinch Hitting: RHB Dave Thompson 0-0: Ball
1-0: Ball
2-0: SINGLE (Line Drive, 7S)
Jerry Wilson to second
Pinch Hitting: SHB Robbie Anderson 0-0: Ball
1-0: SINGLE (Line Drive, 4M)
Jerry Wilson to third
Dave Thompson to second
Runner from 3rd tries for Home, SAFE, no throw or cutoff
Pinch Hitting: RHB Andrew Weeks 0-0: Ball
1-0: Ground out U3 (Groundball, 3)
Dave Thompson to third
Robbie Anderson to second
Batting: LHB Fernando Ramírez 0-0: Called Strike
0-1: Ball
1-1: Ball
2-1: Ball
Wild Pitch!
Dave Thompson scores
Robbie Anderson to third
3-1: Base on Balls
Batting: RHB Sancho Balderas 0-0: Ground out 4-3 (Groundball, 4)
Bottom of the 7th over - 2 run(s), 3 hit(s), 0 error(s), 2 left on base; Tortolita 0 - Royse City 2
TOP OF THE 8TH
Tortolita Drummers batting - Pitching for Royse City Targaryens : RHP Rodger de Meza
Now at 2B: Andrew Weeks
Now in LF: Robbie Anderson
Now in RF: Paul Wilson
Batting: SHB Roger Wheeler 0-0: Called Strike
0-1: Ball
1-1: Called Strike
1-2: Ground out 6-3 (Groundball, 56)
Batting: SHB Will Brock 0-0: Ball
1-0: Ball
2-0: Ball
3-0: Base on Balls
Batting: RHB Jorge Féliz 0-0: Foul Ball, location: 2F
0-1: Ball
1-1: Ball
2-1: Grounds into double play, 1-4-3 (Groundball, 13)
Top of the 8th over - 0 run(s), 0 hit(s), 0 error(s), 0 left on base; Tortolita 0 - Royse City 2
BOTTOM OF THE 8TH
Royse City Targaryens batting - Pitching for Tortolita Drummers : LHP Steven Hodnett
Batting: LHB Carlos Álvarez 0-0: Ball
1-0: Ball
2-0: Called Strike
2-1: Ground out U3 (Groundball, 3S)
Batting: LHB José Tamayo 0-0: Ball
1-0: Ball
2-0: Ball
3-0: Base on Balls
Batting: LHB Carl Duncan 0-0: Foul Ball, location: 2F
0-1: Ball
1-1: Called Strike
1-2: Ball
José Tamayo is caught stealing 2nd base
2-2: Foul Ball, location: 2F
2-2: Fly out, F9 (Line Drive, 9D)
Bottom of the 8th over - 0 run(s), 0 hit(s), 0 error(s), 0 left on base; Tortolita 0 - Royse City 2
TOP OF THE 9TH
Tortolita Drummers batting - Pitching for Royse City Targaryens : RHP Rodger de Meza
Batting: LHB Jim Unknown 0-0: Ball
1-0: Called Strike
1-1: Ball
2-1: Called Strike
2-2: Ground out U3 (Groundball, 3S)
Batting: LHB Gonzalo Féliz 0-0: Called Strike
0-1: Swinging Strike
0-2: Ball
1-2: Ball
2-2: Ball
3-2: Ground out 4-3 (Groundball, 4)
Pitching: RHP Bo Tubbs
Batting: SHB Dan Godwin 0-0: Ground out 4-3 (Groundball, 34S)
Top of the 9th over - 0 run(s), 0 hit(s), 0 error(s), 0 left on base; Tortolita 0 - Royse City 2
This league is powered by Out of the Park Baseball, the baseball management simulation game for PC, Mac and Linux
Friday, April 15th, 2016 - OOTP Baseball 16.9 Build 39